 Dungeon Crawl Stone Soup version 0.20.1-1-g8b1a95d (webtiles) character file.

77 Internecine the Covered (level 4, -2/29 HPs)
             Began as a Gargoyle Fighter on Sept 23, 2017.
             Slain by Crazy Yiuf
             ... wielding a +4 quarterstaff of chaos
              (7 damage)
             ... on level 2 of the Dungeon.
             The game lasted 00:18:58 (1376 turns).

Internecine the Covered (Gargoyle Fighter)          Turns: 1376, Time: 00:18:58

Health: -2/29      AC: 11    Str: 19    XL:     4   Next: 33%
Magic:  13/13      EV:  7    Int:  9    God:
Gold:   50         SH:  9    Dex: 10    Spells: 3/3 levels left

rFire    . . .     SeeInvis .   a - +0 long sword
rCold    . . .     Gourm    .   c - +0 shield
rNeg     + . .     Faith    .   w - +0 scale mail
rPois    ∞         Spirit   .   (no helmet)
rElec    +         Reflect  .   (no cloak)
rCorr    .         Harm     .   g - +0 pair of gloves
MR       .....                  (no boots)
Stlth    ..........             (no amulet)
Regen    0.1/turn               x - ring of magical power
MPRegen  0.2/turn               (no ring)

@: no status effects
A: negative energy resistance 1, electricity resistance, unbreathing,
petrification resistance, rot immunity, AC +3
a: no special abilities


You were on level 2 of the Dungeon.
You were not hungry.

You visited 1 branch of the dungeon, and saw 2 of its levels.

You collected 50 gold pieces.

Inventory:

Hand Weapons
 a - a +0 long sword (weapon)
 h - a +0 dagger
 i - a +0 dagger
 n - a +0 club
 s - a +0 dagger
 u - a +0 short sword
Missiles
 d - 22 arrows
 o - 30 sling bullets
 q - 12 poisoned needles
 v - 33 bolts
 B - 14 stones (quivered)
Armour
 b - a +0 scale mail
 c - a +0 shield (worn)
 g - a +0 pair of gloves (worn)
 w - a +0 scale mail (worn)
 z - a +0 leather armour
 A - a +0 ring mail
Jewellery
 x - a ring of magical power (left hand)
Scrolls
 e - 3 scrolls of identify {unknown}
 j - 4 scrolls of remove curse {unknown}
 k - 2 scrolls of teleportation {unknown}
 r - 2 scrolls of amnesia {unknown}
 t - 2 scrolls of immolation {unknown}
 y - a scroll of magic mapping {unknown}
Comestibles
 f - a bread ration
 l - 6 chunks of flesh
 m - a meat ration
 p - 2 royal jellies


   Skills:
 + Level 3.7 Fighting
 + Level 2.3 Long Blades
 + Level 1.2 Throwing
 + Level 3.8 Armour
 + Level 0.1 Dodging
 + Level 3.8 Shields


You had 3 spell levels left.
You didn't know any spells.

Dungeon Overview and Level Annotations

Branches:
Dungeon (2/15)

Altars:

Annotations:
D:2 Crazy Yiuf


Innate Abilities, Weirdness & Mutations

You are resistant to torment.
Your stone body is resilient. (AC +3)
You are immune to poison.
You resist negative energy. (rN+)
You are resistant to electric shocks. (rElec)
You can survive without breathing.
You are immune to petrification.
You are immune to rotting.


Message History

Crazy Yiuf is moderately wounded.
Crazy Yiuf hits you with a quarterstaff of chaos!
Crazy Yiuf burns you.
Sorry, you're not good enough to have a special ability.
You slash Crazy Yiuf!
Crazy Yiuf is heavily wounded.
Crazy Yiuf hits you with a quarterstaff of chaos.
Crazy Yiuf freezes you.
You slash Crazy Yiuf!
Crazy Yiuf is almost dead.
Crazy Yiuf hits you with a quarterstaff of chaos.
* * * LOW HITPOINT WARNING * * *
Crazy Yiuf hits you but does no damage.
You closely miss Crazy Yiuf.
Crazy Yiuf is almost dead.
You block Crazy Yiuf's attack.
You hit Crazy Yiuf but do no damage.
Crazy Yiuf is almost dead.
Crazy Yiuf hits you with a quarterstaff of chaos!
You die...

..#...#....####....#
..#####.... ##..##
#........ #....#
##....... ##...#
......) ##.##
..##### ##.# ...
#.## ##.# #@## #g#
... #.(.# #)(.#
#####


You could see Crazy Yiuf.

Vanquished Creatures
  Natasha (D:2)
  2 adders (D:2)
  A worm (D:2)
  A dart slug (D:2)
  3 bats
  3 goblins
  6 hobgoblins
  3 jackals (D:1)
  5 kobolds
  2 frilled lizards (D:1)
  2 rats (D:1)
  A bush (D:1)
30 creatures vanquished.

Notes
Turn   | Place    | Note
-------+----------+-------------------------------------------
     0 | D:1      | Internecine the Gargoyle Fighter began the quest for the Orb.
     0 | D:1      | Reached XP level 1. HP: 14/14 MP: 1/1
   226 | D:1      | Reached XP level 2. HP: 19/19 MP: 2/2
   979 | D:2      | Reached XP level 3. HP: 21/23 MP: 3/3
  1084 | D:2      | Noticed Natasha
  1099 | D:2      | Killed Natasha
  1099 | D:2      | Reached skill level 1 in Throwing
  1099 | D:2      | Reached XP level 4. HP: 14/29 MP: 4/4
  1364 | D:2      | Found a runed door.
  1368 | D:2      | Noticed Crazy Yiuf
  1376 | D:2      | Slain by Crazy Yiuf

Skill      XL: |  1  2  3 |
---------------+----------+-----
Long Blades    | 2 |  2.3
Throwing       | 1 |  1.2
Fighting       | |  3.7
Armour         | |  3.8
Dodging        | |  0.1
Shields        | |  3.8

Action                   |  1- 3 |  4- 6 || total
-------------------------+-------+-------++-------
Melee: Long sword        |   131 |    13 ||   144
Throw: Stone             |    29 |     9 ||    38
  Use: Potion            |     2 |       ||     2
  Eat: Chunk             |     1 |     1 ||     2
Armor: Scale mail        |    49 |     5 ||    54
Dodge: Dodged            |    31 |     2 ||    33
Block: Shield            |    41 |     5 ||    46
       Rpst.: Long sword |     9 |     1 ||    10
